 Dungeon Crawl Stone Soup version 0.27-a0-660-g90476cec82 (webtiles) character file.

Game seed: 14809308574136078409

49 TrueMihaN the Sneak (level 4, 0/24 HPs)
             Began as a Kobold Enchanter on Mar 16, 2021.
             Slain by a gnoll
             ... wielding a +0 flail
              (14 damage)
             ... on level 2 of the Dungeon.
             The game lasted 00:11:10 (1985 turns).

TrueMihaN the Sneak (Kobold Enchanter)              Turns: 1985, Time: 00:11:11

Health: 0/24       AC:  2    Str:  5    XL:     4   Next: 2%
Magic:  2/7        EV: 15    Int: 16    God:
Gold:   72         SH:  0    Dex: 16    Spells: 4/7 levels left

rFire    + . .     SeeInvis .   a - +1 dagger
rCold    x . .     Faith    .   (shield restricted)
rNeg     . . .     Spirit   .   b - +0 robe
rPois    .         Reflect  .   (no helmet)
rElec    .         Harm     .   (no cloak)
rCorr    .         Rampage  .   (no gloves)
Will     .....                  (no boots)
Stlth    ++++......             i - amulet of regeneration
HPRegen  1.08/turn              e - ring of fire
MPRegen  0.10/turn              (no ring)

@: no status effects
A: small, no large weapons, nightstalker 3
a: no special abilities


You were on level 2 of the Dungeon.
You visited 1 branch of the dungeon, and saw 2 of its levels.

You collected 72 gold pieces.

Inventory:

Hand Weapons
 a - a +1 dagger (weapon)
Armour
 b - a +0 robe (worn)
Jewellery
 e - a ring of fire (right hand)
 i - an amulet of regeneration (around neck)
Scrolls
 c - a scroll of teleportation {unknown}
 d - a scroll of fear {unknown}
 g - a scroll of enchant weapon {unknown}
Potions
 f - a potion of curing {unknown}
 h - 2 potions of lignification {unknown}
 j - a potion of haste {unknown}


   Skills:
 + Level 0.4 Fighting
 * Level 2.8 Short Blades
 - Level 2.4 Dodging
 + Level 5.3 Stealth
 - Level 2.1 Spellcasting
 - Level 3.2 Hexes
 - Level 0.1 Ice Magic


You had 4 spell levels left.
You knew the following spells:

 Your Spells              Type           Power      Damage    Failure   Level
a - Corona                Hex            13%        N/A       5%          1
b - Ensorcelled Hibernat  Hex/Ice        14%        N/A       16%         2

Your spell library contained the following spells:

 Spells                   Type           Power      Damage    Failure   Level
 Confusing Touch          Hex            12%        N/A       16%         3
 Tukima's Dance           Hex            12%        N/A       16%         3
 Dazzling Flash           Conj/Hex       12%        N/A       32%         3


Dungeon Overview and Level Annotations

Branches:
Dungeon (2/15)

Altars:
Fedhas
Sif Muna
Yredelemnul


Innate Abilities, Weirdness & Mutations

You are small and have problems with some larger weapons.
You are completely attuned to the shadows.


Message History

You kill the quokka!
You see here a +0 club.
There is a stone staircase leading up here.
You climb upwards.
There is a stone staircase leading down here.
You climb downwards.
There is a stone staircase leading up here.
There is a stone staircase leading down here.
A gnoll comes into view.
A gnoll comes into view. It is wielding a +0 flail.
A gnoll comes into view.
A gnoll comes into view.
The gnoll shouts! x3
The gnoll closely misses you.
You closely miss the gnoll. The gnoll misses you.
You barely miss the gnoll. The gnoll closely misses you.
You hit the gnoll but do no damage. The gnoll misses you.
Casting: Ensorcelled Hibernation (safe; 16% risk of failure)
Confirm with . or Enter, or press ? or * to list all spells.
Aiming: Ensorcelled Hibernation (safe; 16% risk of failure)
Press: ? - help, Shift-Dir - straight line, f - gnoll
Aim: a gnoll (chance to affect: 48%)
The gnoll looks drowsy...
The helpless gnoll fails to defend itself.
You impale the gnoll!!
You kill the gnoll!
You have reached level 4!
You hit the gnoll.
The gnoll is lightly wounded.
You hit the gnoll.
The gnoll is moderately wounded.
The gnoll hits you with a +0 flail!
Casting: Ensorcelled Hibernation (safe; 16% risk of failure)
Confirm with . or Enter, or press ? or * to list all spells.
Aiming: Ensorcelled Hibernation (safe; 16% risk of failure)
Press: ? - help, Shift-Dir - straight line, f - gnoll
Aim: a gnoll, wielding a +0 flail (lightly wounded, chance to affect: 48%)
The gnoll resists with some effort.
The gnoll hits you with a +0 flail!
Ouch! That really hurt!
You die...

.### #.# #....##
#.#
#.....########.##
#...........>...)
#.....########.##
#......... #.#
###.#####. ..#
#######.# ####
.ggg@..$#
#########


You could see 3 gnolls.

Vanquished Creatures
  A gnoll (D:2)
  A dart slug (D:1)
  A ball python (D:1)
  A giant cockroach (D:1)
  7 goblins
  5 hobgoblins
  8 kobolds
  A quokka (D:2)
  A bat (D:1)
  5 frilled lizards
  4 rats
35 creatures vanquished.

Notes
Turn   | Place    | Note
-------+----------+-------------------------------------------
     0 | D:1      | TrueMihaN the Kobold Enchanter began the quest for the Orb.
     0 | D:1      | Reached XP level 1. HP: 10/10 MP: 3/3
   261 | D:1      | Reached XP level 2. HP: 10/15 MP: 5/5
   264 | D:1      | Learned a level 2 spell: Ensorcelled Hibernation
   830 | D:1      | Reached XP level 3. HP: 17/19 MP: 6/6
   939 | D:1      | Reached skill level 5 in Stealth
  1527 | D:2      | Found a blossoming altar of Fedhas.
  1531 | D:2      | Found a basalt altar of Yredelemnul.
  1540 | D:2      | Found a shimmering blue altar of Sif Muna.
  1983 | D:2      | Reached XP level 4. HP: 24/24 MP: 4/7
  1985 | D:2      | Slain by a gnoll

Illustrated notes

Levels and vault maps discovered:
D:1:      dpeg_arrival_ternary, layout_basic
D:2:      layout_loops_ring, nicolae_gozag_cash_rules_everything_around_me,
          grunt_temple_overflow_diamond, nicolae_ru_great_annihilating_truth

Skill      XL: |  1  2  3 |
---------------+----------+-----
Short Blades   | 2 |  2.8
Stealth        | 5 |  5.3
Fighting       | |  0.4
Dodging        | |  2.4
Spellcasting   | |  2.1
Hexes          | |  3.2
Ice Magic      | |  0.1

Action                   |  1- 3 |  4- 6 || total
-------------------------+-------+-------++-------
Melee: Dagger            |    90 |     2 ||    92
 Cast: Corona            |    10 |       ||    10
       Ensorcelled Hiber |     4 |     1 ||     5
 Stab: Sleeping          |    19 |       ||    19
Armor: Robe              |     6 |       ||     6
Dodge: Dodged            |    50 |       ||    50

Table legend: (Time is in decaauts)
 A = Elapsed time spent in this place.
 B = Non-inter-level travel time spent in this place.
 C = Inter-level travel time spent in this place.
 D = Time resting spent in this place.
 E = Time spent auto-exploring this place.
 F = Levels seen in this place.
 G = Mean time per level.
                   A        B        C        D        E       F      G
               +--------+--------+--------+--------+--------+-----+--------+
         Total |   1976 |   1887 |     89 |    187 |   1427 |   2 |  988.0 |
       Dungeon |   1976 |   1887 |     89 |    187 |   1427 |   2 |  988.0 |
               +--------+--------+--------+--------+--------+-----+--------+

Top non-repeatable levels by time:
     D:1: 1450 daAuts
     D:2: 525 daAuts
